Mecha, chaotic male elven Wizard ----- ----- |...| |....# |....# #...^|# # ------------ |...|### #|...|# ----------|--- |..........| |....# # #-----##############.............| |..........| -+---######### ## |............| .....<.....| ##### # |.............# ---------.-- # |.......{....|## # ### ------------+-# ### # ## # ## # ### -@- # # ..f:. ### ########### ......... # ---|------- |..........| ### |>........| |.....%....| # |#........| |..........+ . ###|......)..| |..........| #..........| ------------ ----------- Mecha the Conjurer Experience level: 3 Strength: 7 Dexterity: 12 Constitution: 13 Intelligence: 14 Wisdom: 17 Charisma: 15 Health: 0(24) Energy: 51(55) Def: 1 Gold: 378 Moves: 1463 Dungeon seed: hjSt0ANGgIx3zzL0 Game ID: Mecha_1478252624 Your Inventory: Coins $ - 378 gold pieces Weapons a - a blessed +1 quarterstaff u - a +0 orcish dagger (weapon in hand) v - a blessed poisoned +1 dart Armor e - an uncursed +0 cloak of magic resistance (being worn) r - an uncursed +0 orcish helm Comestibles o - an uncursed food ration Scrolls i - an uncursed scroll of gold detection j - an uncursed scroll of light k - a blessed scroll of light p - an uncursed scroll of scare monster t - an uncursed scroll of create monster Spellbooks l - a blessed spellbook of force bolt m - an uncursed spellbook of cure blindness Potions g - an uncursed potion of invisibility Rings c - an uncursed ring of teleport control (on left hand) d - an uncursed ring of shock resistance (on right hand) Wands b - a wand of polymorph (0:8) Tools n - an uncursed wooden harp Gems q - an uncursed worthless piece of black glass Spells and supernatural/magical abilities: Name Level Category Fail Memory a - force bolt 1 attack 0% 93% B - cure blindness 2 healing 81% 93% W - pray for help -- divine ? -- Your skills at the end: Fighting Skills Weapon Skills quarterstaff [Basic] Spellcasting Skills attack spells [Basic] enchantment spells [Basic] Final Attributes: You were piously aligned. You were shock resistant. You were magic-protected. You had infravision. You had teleport control. You are dead. Vanquished creatures: a floating eye a giant bat 2 coyotes 3 giant rats a red mold 2 garter snakes a gnome zombie 3 geckos 3 jackals a fox a kobold a goblin 2 sewer rats a grid bug a bat 3 lichens a kobold zombie a newt 29 creatures vanquished. Voluntary challenges: You were an atheist. You used a wielded weapon 26 times, starting on turn 45. You were illiterate. You never genocided any monsters. You never polymorphed an object. You never changed form. You used no wishes. You never split a pudding. You never wrote Elbereth's name. You never violated your personal moral code. Dungeon overview: The Dungeons of Doom: levels 1 to 4 Level 1 a fountain a long staircase Level 2 Level 3 Level 4 <- You were here a fountain, a sink History has recorded: On T:1 you entered the Dungeons of Doom to retrieve the Amulet of Yendor! On T:457 you reached level 2 of The Dungeons of Doom. On T:702 you advanced to experience level 2. On T:844 you reached level 3 of The Dungeons of Doom. On T:1165 you advanced to experience level 3. On T:1267 you reached level 4 of The Dungeons of Doom. Score breakdown: Gold: 378 ( 8771 points) Experience: 3 levels ( 7878 points) Exploration: 4 levels ( 8.33%) ( 7579 points) Discoveries: 1 item ( 0.36%) ( 1802 points) Valuables value: (no points given unless you survive) Artifact value: 0 ( 0 points) Variety of kills: 18 monsters ( 4.72%) ( 6520 points) Turncount: 1463 turns ( 0 points) Survival: died (score multiplied by 80%) Total score: 26040 Latest messages: The gecko bites! You miss the gecko. You hear some noises. You displace your kitten. The kitten bites the gecko. The gecko is killed! The kitten eats a gecko corpse. The gecko bites! The kitten misses the gecko. You stop. Your kitten is in the way! The kitten misses the gecko. (2x) You miss the gecko. The gecko bites! The kitten misses the gecko. You miss the gecko. The kitten misses the gecko. (2x) You miss the gecko. The gecko bites! The kitten misses the gecko. You miss the gecko. The kitten bites the gecko. The gecko bites the kitten. The kitten bites the gecko. You miss the gecko. The gecko bites! You die... Final status: Goodbye Mecha the Wizard, killed by a gecko... You died in The Dungeons of Doom on dungeon level 4 with 26040 points, and 378 pieces of gold, after 1463 moves. You were level 3 with a maximum of 24 hit points when you died.